Ducks vs Canadiens

Created - 2 novembre 2020 at 20:51

Goals
1 2 3 T
Ducks 0 0 0 0
Canadiens 1 1 0 2
Shots
1 2 3 T
Ducks 5 7 7 19
Canadiens 25 5 10 40

1st period

1. Canadiens , Cam Fowler 1 (Nate Schmidt 1, David Krejci 1) at 12:03 (PP)

Penalties :
Luke Schenn (ANA) for Goalie Interference (Minor) at 1:29, Luke Schenn (ANA) for Hooking (Minor) at 8:00, Josh Manson (ANA) for Tripping (Minor) at 10:31, Jacob de La Rose (ANA) for Hooking (Minor) at 14:23, Calvin de Haan (ANA) for Tripping (Minor) at 18:24

2nd period

2. Canadiens , David Krejci 1 (Jakob Silfverberg 1, Ilya Kovalchuk 1) at 12:24

Penalties :
David Krejci (MTL) for Fighting (Major) at 1:29, Anders Lee (ANA) for Fighting (Major) at 1:29, Ilya Kovalchuk (MTL) for Holding (Minor) at 1:48, Karl Alzner (MTL) for Holding (Minor) at 9:48

3rd period

No Goal

Penalties :
Tyler Ennis (ANA) for Roughing (Minor) at 4:55, Calvin de Haan (ANA) for Cross-checking (Minor) at 11:57

Goalie Stats

Cam Talbot (ANA), 38 saves from 40 shots - (0,950), L, 1-2-0, 60:00 minutes
Mackenzie Blackwood (MTL), 19 saves from 19 shots - (1,000), W, 1-0-0, 60:00 minutes

Players Stats for Ducks

Player Name              G  A  P  +/- PIM S  H  SB GA TA FO     MP     PP MP  PK MP  
------------------------------------------------------------------------------------
Anders Lee               0  0  0   0  5   0  1  1  0  0  5/13   15:27   1:17   6:15 
Brandon Sutter           0  0  0   0  0   2  0  0  0  0  7/13   10:42   0:42   0:00 
Brett Connolly           0  0  0   0  0   1  1  0  0  0  0/1     8:01   1:05   0:14 
Calvin de Haan           0  0  0  -1  4   0  4  4  0  0  0/0    23:42   2:04   4:41 
Craig Smith              0  0  0   0  0   0  1  0  0  0  0/1     6:42   0:00   0:00 
Derek Forbort            0  0  0   0  0   1  3  2  0  0  0/0    19:48   1:54   7:16 
Derek Stepan             0  0  0   0  0   3  0  0  0  0  12/20  15:53   1:52   0:12 
Jack Roslovic            0  0  0   0  0   0  0  0  0  0  2/6    15:38   0:54   8:02 
Jacob de La Rose         0  0  0   0  2   1  2  0  0  0  0/0    11:01   0:30   0:32 
Josh Manson              0  0  0   0  2   0  3  3  0  0  0/0    16:56   0:00   1:58 
Kyle Turris              0  0  0  -1  0   0  0  0  0  0  6/9    12:35   0:30   0:00 
Luke Kunin               0  0  0  -1  0   2  0  1  0  0  0/3    13:41   1:36   0:00 
Luke Schenn              0  0  0   0  4   1  3  2  0  0  0/0    11:18   0:42   0:00 
Marcus Johansson         0  0  0   0  0   3  0  0  0  0  1/4    21:01   1:52   4:19 
T.J. Brodie              0  0  0   0  0   0  0  2  0  0  0/0    23:11   0:42   6:15 
Tomas Nosek              0  0  0   0  0   2  2  0  0  0  5/15   23:46   1:36   7:18 
Tucker Poolman           0  0  0  -1  0   0  0  3  0  0  0/0    24:30   2:04   6:42 
Tyler Ennis              0  0  0  -1  2   3  3  0  0  0  0/1    12:34   0:30   0:00 

Players Stats for Canadiens

Player Name              G  A  P  +/- PIM S  H  SB GA TA FO     MP     PP MP  PK MP  
------------------------------------------------------------------------------------
Artturi Lehkonen         0  0  0   0  0   3  0  0  0  0  0/1    10:49   0:00   1:30 
Auston Matthews          0  0  0   0  0   3  2  0  0  0  16/32  21:54   6:17   1:14 
Cam Fowler               1  0  1   0  0   7  0  1  0  0  0/0    23:35   7:11   2:01 
Colin White              0  0  0   0  0   0  0  0  0  0  3/6     9:19   0:00   0:00 
Danny DeKeyser           0  0  0   0  0   0  2  0  0  0  0/0    13:16   0:00   2:07 
David Krejci             1  1  2   1  5   5  1  0  0  0  19/29  19:11   7:09   0:00 
Ilya Kovalchuk           0  1  1   1  2   3  0  0  0  0  0/0    20:50   7:09   0:00 
Ivan Provorov            0  0  0   0  0   1  1  1  0  0  0/0    24:35   6:15   1:53 
Jakob Silfverberg        0  1  1   1  0   3  1  0  0  0  1/1    21:43   7:09   0:52 
Josh Morrissey           0  0  0   0  0   4  2  0  0  0  0/0    23:22   6:15   0:40 
Karl Alzner              0  0  0   1  2   1  1  1  0  0  0/0    12:48   0:00   1:03 
Loui Eriksson            0  0  0   0  0   1  0  0  0  0  0/0     7:18   0:00   2:06 
Nate Schmidt             0  1  1   1  0   2  1  2  0  0  0/0    22:17   7:11   0:06 
Nick Shore               0  0  0   0  0   0  1  0  0  0  8/11    7:10   0:00   1:58 
Patrick Kane             0  0  0   0  0   2  1  0  0  0  1/4    22:19   6:17   0:00 
Teuvo Teravainen         0  0  0   0  0   2  1  0  0  0  0/1    20:40   6:17   0:00 
Tyson Jost               0  0  0   0  0   0  0  0  0  0  0/0     5:34   0:00   0:22 
Valeri Nichushkin        0  0  0   0  0   3  1  0  0  0  0/1     9:19   0:00   0:00 

3 Stars

1 - Mackenzie Blackwood (MTL)
2 - Cam Talbot (ANA)
3 - Cam Fowler (MTL)

Power Play

Ducks - 0 on 2 Attempt(s) - 0,00%
Canadiens - 1 on 7 Attempt(s) - 14,29%

Penalty Kill

Ducks - 6 on 7 Attempt(s) - 85,71% - Score 0 goal in Penalty Kill
Canadiens - 2 on 2 Attempt(s) - 100,00% - Score 0 goal in Penalty Kill

Team Stat

Ducks - Hits : 23 - Faceoff Wins : 38 - Blocked Shots : 18 - Penalty Minutes : 19
Canadiens - Hits : 15 - Faceoff Wins : 48 - Blocked Shots : 5 - Penalty Minutes : 9

Official

Referees : Kelly Sutherland and Andrew Wilk
Linesman : Jaime Alary and Bevan Mills

Game Notes

David Krejci and Anders Lee fight to a draw at 1:29 of 2nd period

Finance

Level 1 -- Attendance: 5879 (90,45%) -- Ticket Income 705 480 $
Level 2 -- Attendance: 3430 (68,60%) -- Ticket Income 377 300 $
Level 3 -- Attendance: 2155 (61,57%) -- Ticket Income 215 500 $
Level 4 -- Attendance: 1244 (23,53%) -- Ticket Income 111 960 $
Luxury Box -- Attendance: 536 (53,60%) -- Ticket Income 182 240 $
Game was played at the Bell Centre.
Total Attendance: 13244 (62,22%)
Total Ticket Income: 1 592 480 $
Other Income: 780 315 $
Total Income: 2 372 795 $

% Time on Ice - Ducks

Lines # - Real PCT - Wanted PCT - Time Play
Normal Forward
1 - 32% - 40% - 13:49
2 - 23% - 30% - 10:00
3 - 28% - 20% - 12:05
4 - 16% - 10% - 6:42
Normal Defense
1 - 37% - 40% - 15:44
2 - 35% - 30% - 14:59
3 - 25% - 20% - 10:38
4 - 3% - 10% - 1:15
PP Forward
1 - 40% - 60% - 1:36
2 - 60% - 40% - 2:22
PP Defense
1 - 65% - 60% - 2:34
2 - 35% - 40% - 1:24
PK Forward
1 - 68% - 60% - 9:07
2 - 32% - 40% - 4:19
PK Defense
1 - 59% - 60% - 7:59
2 - 41% - 40% - 5:27
PK3 Forward
1 - 0% - 60%
2 - 0% - 40%
PK3 Defense
1 - 0% - 60%
2 - 0% - 40%
44 Forward
1 - 0% - 60%
2 - 0% - 40%
44 Defense
1 - 0% - 60%
2 - 0% - 40%
Last Minute Offensive  - 0:00
Last Minute Defensive  - 0:00
Total
Forward - 60:00
Defense - 60:00

% Time on Ice - Canadiens

Lines # - Real PCT - Wanted PCT - Time Play
Normal Forward
1 - 34% - 35% - 14:23
2 - 32% - 35% - 13:42
3 - 22% - 20% - 9:19
4 - 12% - 10% - 5:12
Normal Defense
1 - 39% - 38% - 16:27
2 - 35% - 37% - 15:00
3 - 17% - 15% - 7:18
4 - 9% - 10% - 3:51
PP Forward
1 - 47% - 50% - 6:17
2 - 53% - 50% - 7:09
PP Defense
1 - 47% - 50% - 6:15
2 - 53% - 50% - 7:11
PK Forward
1 - 78% - 60% - 3:06
2 - 22% - 40% - 0:52
PK Defense
1 - 67% - 50% - 2:39
2 - 33% - 50% - 1:19
PK3 Forward
1 - 0% - 60%
2 - 0% - 40%
PK3 Defense
1 - 0% - 50%
2 - 0% - 50%
44 Forward
1 - 0% - 60%
2 - 0% - 40%
44 Defense
1 - 0% - 50%
2 - 0% - 50%
Last Minute Offensive  - 0:00
Last Minute Defensive  - 0:00
Total
Forward - 60:00
Defense - 60:00

Play-by-Play

1st period


0:01 of 1st period - Derek Stepan wins face-off versus Auston Matthews in neutral zone.
0:22 of 1st period - Shot by Teuvo Teravainen.
0:22 of 1st period - Shot Misses the Net.
0:24 of 1st period - Shot by Patrick Kane.
0:24 of 1st period - Deflect By Auston Matthews.
0:24 of 1st period - Stopped by Cam Talbot without a rebound.
0:25 of 1st period - David Krejci wins face-off versus Brandon Sutter in Ducks zone.
1:29 of 1st period - Minor Penalty to Luke Schenn for Goalie Interference.
1:30 of 1st period - Auston Matthews wins face-off versus Tomas Nosek in Ducks zone.
1:40 of 1st period - Off-side.
1:41 of 1st period - Tomas Nosek wins face-off versus Auston Matthews in neutral zone.
2:05 of 1st period - T.J. Brodie is hit by Teuvo Teravainen and loses puck.
2:37 of 1st period - Icing by Nate Schmidt.
2:38 of 1st period - Tomas Nosek wins face-off versus David Krejci in Canadiens zone.
2:54 of 1st period - Icing by Cam Fowler.
2:55 of 1st period - David Krejci wins face-off versus Tomas Nosek in Canadiens zone.
3:02 of 1st period - Shot by Ilya Kovalchuk.
3:02 of 1st period - Shot Blocked by Tucker Poolman.
3:04 of 1st period - Shot by Nate Schmidt.
3:04 of 1st period - Shot Blocked by Calvin de Haan.
3:06 of 1st period - Shot by Cam Fowler.
3:06 of 1st period - Shot Misses the Net.
3:08 of 1st period - Shot by Nate Schmidt.
3:08 of 1st period - Shot Blocked by Tucker Poolman.
3:14 of 1st period - Shot by Cam Fowler.
3:14 of 1st period - Stopped by Cam Talbot with a rebound.
3:16 of 1st period - Shot by Jakob Silfverberg.
3:16 of 1st period - Stopped by Cam Talbot without a rebound.
3:17 of 1st period - Auston Matthews wins face-off versus Anders Lee in Ducks zone.
3:43 of 1st period - Shot by Valeri Nichushkin.
3:43 of 1st period - Shot Blocked by Derek Forbort.
3:45 of 1st period - Shot by Artturi Lehkonen.
3:45 of 1st period - Stopped by Cam Talbot with a rebound.
3:51 of 1st period - Shot by Valeri Nichushkin.
3:51 of 1st period - Shot Blocked by Luke Schenn.
3:53 of 1st period - Shot by Valeri Nichushkin.
3:53 of 1st period - Shot Misses the Net.
3:59 of 1st period - Shot by Valeri Nichushkin.
3:59 of 1st period - Stopped by Cam Talbot without a rebound.
4:00 of 1st period - Brandon Sutter wins face-off versus Auston Matthews in Ducks zone.
4:05 of 1st period - Shot by Anders Lee.
4:05 of 1st period - Shot Misses the Net.
4:07 of 1st period - Shot by Brandon Sutter.
4:07 of 1st period - Stopped by Mackenzie Blackwood without a rebound.
4:08 of 1st period - Derek Stepan wins face-off versus Auston Matthews in Canadiens zone.
4:46 of 1st period - Derek Stepan is hit by Auston Matthews and loses puck.
5:57 of 1st period - Icing by Cam Fowler.
5:58 of 1st period - David Krejci wins face-off versus Brandon Sutter in Canadiens zone.
6:02 of 1st period - Off-side.
6:03 of 1st period - Nick Shore wins face-off versus Brandon Sutter in neutral zone.
6:12 of 1st period - Shot by Tyson Jost.
6:12 of 1st period - Shot Misses the Net.
6:30 of 1st period - Shot by Jacob de La Rose.
6:30 of 1st period - Deflect By Anders Lee.
6:30 of 1st period - Shot Misses the Net.
6:32 of 1st period - Shot by Jacob de La Rose.
6:32 of 1st period - Shot Misses the Net.
6:34 of 1st period - Shot by Brandon Sutter.
6:34 of 1st period - Stopped by Mackenzie Blackwood without a rebound.
6:35 of 1st period - Auston Matthews wins face-off versus Jack Roslovic in Canadiens zone.
6:35 of 1st period - Auston Matthews is hit by Luke Schenn.
6:55 of 1st period - Shot by Patrick Kane.
6:55 of 1st period - Shot Misses the Net.
8:00 of 1st period - Minor Penalty to Luke Schenn for Hooking.
8:01 of 1st period - Marcus Johansson wins face-off versus David Krejci in Ducks zone.
8:07 of 1st period - Icing by Cam Fowler.
8:08 of 1st period - Anders Lee wins face-off versus David Krejci in Canadiens zone.
8:21 of 1st period - Shot by Marcus Johansson.
8:21 of 1st period - Stopped by Mackenzie Blackwood without a rebound.
8:22 of 1st period - Auston Matthews wins face-off versus Anders Lee in Canadiens zone.
8:27 of 1st period - Shot by Teuvo Teravainen.
8:27 of 1st period - Stopped by Cam Talbot without a rebound.
8:28 of 1st period - David Krejci wins face-off versus Tomas Nosek in Ducks zone.
8:35 of 1st period - Shot by David Krejci.
8:35 of 1st period - Stopped by Cam Talbot with a rebound.
8:37 of 1st period - Shot by Cam Fowler.
8:37 of 1st period - Shot Blocked by Tucker Poolman.
8:43 of 1st period - Shot by Jakob Silfverberg.
8:43 of 1st period - Deflect By David Krejci.
8:43 of 1st period - Stopped by Cam Talbot with a rebound.
8:45 of 1st period - Shot by David Krejci.
8:45 of 1st period - Stopped by Cam Talbot without a rebound.
8:46 of 1st period - Tomas Nosek wins face-off versus Auston Matthews in Ducks zone.
9:54 of 1st period - Shot by Ilya Kovalchuk.
9:54 of 1st period - Stopped by Cam Talbot without a rebound.
9:55 of 1st period - Derek Stepan wins face-off versus David Krejci in Ducks zone.
10:01 of 1st period - Icing by Jakob Silfverberg.
10:02 of 1st period - Kyle Turris wins face-off versus Valeri Nichushkin in Canadiens zone.
10:31 of 1st period - Minor Penalty to Josh Manson for Tripping.
10:32 of 1st period - David Krejci wins face-off versus Tomas Nosek in Ducks zone.
10:43 of 1st period - Shot by Cam Fowler.
10:43 of 1st period - Stopped by Cam Talbot with a rebound.
10:45 of 1st period - Shot by Cam Fowler.
10:45 of 1st period - Shot Misses the Net.
10:49 of 1st period - Shot by Cam Fowler.
10:49 of 1st period - Stopped by Cam Talbot with a rebound.
10:51 of 1st period - Shot by Jakob Silfverberg.
10:51 of 1st period - Shot Misses the Net.
10:53 of 1st period - Shot by Cam Fowler.
10:53 of 1st period - Shot Misses the Net.
10:55 of 1st period - Shot by Cam Fowler.
10:55 of 1st period - Shot Blocked by Calvin de Haan.
10:57 of 1st period - Shot by Cam Fowler.
10:57 of 1st period - Stopped by Cam Talbot without a rebound.
10:58 of 1st period - Auston Matthews wins face-off versus Anders Lee in Ducks zone.
10:59 of 1st period - Shot by Josh Morrissey.
10:59 of 1st period - Stopped by Cam Talbot without a rebound.
11:00 of 1st period - Anders Lee wins face-off versus Auston Matthews in Ducks zone.
11:19 of 1st period - Shot by Patrick Kane.
11:19 of 1st period - Shot Misses the Net.
11:21 of 1st period - Shot by Teuvo Teravainen.
11:21 of 1st period - Shot Misses the Net.
11:23 of 1st period - Shot by Ivan Provorov.
11:23 of 1st period - Stopped by Cam Talbot with a rebound.
11:25 of 1st period - Shot by Josh Morrissey.
11:25 of 1st period - Stopped by Cam Talbot without a rebound.
11:26 of 1st period - Anders Lee wins face-off versus David Krejci in Ducks zone.
11:50 of 1st period - David Krejci is hit by Derek Forbort and loses puck.
11:59 of 1st period - Shot by Jakob Silfverberg.
11:59 of 1st period - Deflect By David Krejci.
11:59 of 1st period - Shot Misses the Net.
12:03 of 1st period - Shot by Cam Fowler.
12:03 of 1st period - Goal by Cam Fowler - Ducks : 0 - Canadiens : 1.
12:04 of 1st period - Anders Lee wins face-off versus Auston Matthews in neutral zone.
12:07 of 1st period - Shot by Jacob de La Rose.
12:07 of 1st period - Stopped by Mackenzie Blackwood without a rebound.
12:08 of 1st period - Brandon Sutter wins face-off versus Auston Matthews in Canadiens zone.
12:22 of 1st period - Icing by Josh Morrissey.
12:23 of 1st period - Kyle Turris wins face-off versus Teuvo Teravainen in Canadiens zone.
12:36 of 1st period - Shot by Patrick Kane.
12:36 of 1st period - Stopped by Cam Talbot with a rebound.
12:50 of 1st period - Shot by Teuvo Teravainen.
12:50 of 1st period - Shot Blocked by Josh Manson.
13:02 of 1st period - Shot by Patrick Kane.
13:02 of 1st period - Stopped by Cam Talbot with a rebound.
13:20 of 1st period - Shot by David Krejci.
13:20 of 1st period - Stopped by Cam Talbot without a rebound.
13:21 of 1st period - Derek Stepan wins face-off versus Nick Shore in Ducks zone.
14:23 of 1st period - Minor Penalty to Jacob de La Rose for Hooking.
14:24 of 1st period - Anders Lee wins face-off versus Auston Matthews in Ducks zone.
14:59 of 1st period - Icing by Ivan Provorov.
15:00 of 1st period - Tomas Nosek wins face-off versus Auston Matthews in Canadiens zone.
15:27 of 1st period - Shot by Cam Fowler.
15:27 of 1st period - Stopped by Cam Talbot without a rebound.
15:28 of 1st period - Jakob Silfverberg wins face-off versus Anders Lee in Ducks zone.
15:53 of 1st period - Shot by Jakob Silfverberg.
15:53 of 1st period - Deflect By David Krejci.
15:53 of 1st period - Shot Blocked by T.J. Brodie.
15:55 of 1st period - Shot by Nate Schmidt.
15:55 of 1st period - Shot Blocked by Anders Lee.
15:57 of 1st period - Shot by Nate Schmidt.
15:57 of 1st period - Stopped by Cam Talbot with a rebound.
15:59 of 1st period - Shot by Nate Schmidt.
15:59 of 1st period - Stopped by Cam Talbot without a rebound.
16:00 of 1st period - Auston Matthews wins face-off versus Tomas Nosek in Ducks zone.
16:19 of 1st period - Shot by Ivan Provorov.
16:19 of 1st period - Shot Blocked by Calvin de Haan.
16:21 of 1st period - Shot by Auston Matthews.
16:21 of 1st period - Stopped by Cam Talbot without a rebound.
16:22 of 1st period - David Krejci wins face-off versus Anders Lee in Ducks zone.
16:43 of 1st period - Icing by Derek Forbort.
16:44 of 1st period - David Krejci wins face-off versus Luke Kunin in Ducks zone.
17:01 of 1st period - Shot by Kyle Turris.
17:01 of 1st period - Shot Misses the Net.
17:08 of 1st period - Luke Kunin is hit by Ivan Provorov and loses puck.
17:32 of 1st period - Jakob Silfverberg is hit by Jacob de La Rose.
17:53 of 1st period - Shot by Anders Lee.
17:53 of 1st period - Shot Misses the Net.
18:00 of 1st period - Icing by Cam Fowler.
18:01 of 1st period - Derek Stepan wins face-off versus Auston Matthews in Canadiens zone.
18:04 of 1st period - Shot by Tomas Nosek.
18:04 of 1st period - Stopped by Mackenzie Blackwood without a rebound.
18:05 of 1st period - Derek Stepan wins face-off versus Colin White in Canadiens zone.
18:05 of 1st period - Tucker Poolman is hit by Danny DeKeyser and loses puck.
18:13 of 1st period - Valeri Nichushkin is hit by Calvin de Haan and loses puck.
18:24 of 1st period - Shot by Valeri Nichushkin.
18:24 of 1st period - Stopped by Cam Talbot without a rebound.
18:24 of 1st period - Minor Penalty to Calvin de Haan for Tripping.
18:25 of 1st period - Auston Matthews wins face-off versus Tomas Nosek in Ducks zone.
Goals for this period are 0 for Ducks vs 1 for Canadiens.
Shots for this period are 5 for Ducks vs 25 for Canadiens.

2nd period


0:01 of 2nd period - David Krejci wins face-off versus Tomas Nosek in neutral zone.
0:11 of 2nd period - David Krejci is hit by Derek Forbort and loses puck.
0:59 of 2nd period - Icing by Calvin de Haan.
1:00 of 2nd period - David Krejci wins face-off versus Kyle Turris in Ducks zone.
1:09 of 2nd period - Shot by Jakob Silfverberg.
1:09 of 2nd period - Shot Blocked by Luke Kunin.
1:11 of 2nd period - Shot by Jakob Silfverberg.
1:11 of 2nd period - Stopped by Cam Talbot without a rebound.
1:12 of 2nd period - Derek Stepan wins face-off versus Colin White in Ducks zone.
1:19 of 2nd period - Shot by Marcus Johansson.
1:19 of 2nd period - Shot Blocked by Nate Schmidt.
1:21 of 2nd period - Shot by Derek Forbort.
1:21 of 2nd period - Shot Misses the Net.
1:23 of 2nd period - Shot by Luke Schenn.
1:23 of 2nd period - Stopped by Mackenzie Blackwood without a rebound.
1:24 of 2nd period - David Krejci wins face-off versus Brandon Sutter in Canadiens zone.
1:24 of 2nd period - David Krejci is hit by Jacob de La Rose.
1:29 of 2nd period - David Krejci and Anders Lee fight to a draw.
1:29 of 2nd period - Penalty to David Krejci for Fighting.
1:29 of 2nd period - Penalty to Anders Lee for Fighting.
1:30 of 2nd period - Patrick Kane wins face-off versus Derek Stepan in Canadiens zone.
1:44 of 2nd period - Jakob Silfverberg is hit by Luke Schenn and loses puck.
1:48 of 2nd period - Minor Penalty to Ilya Kovalchuk for Holding.
1:49 of 2nd period - Nick Shore wins face-off versus Luke Kunin in Canadiens zone.
2:00 of 2nd period - Shot by Luke Kunin.
2:00 of 2nd period - Stopped by Mackenzie Blackwood without a rebound.
2:01 of 2nd period - Nick Shore wins face-off versus Marcus Johansson in Canadiens zone.
2:01 of 2nd period - Nick Shore is hit by Brett Connolly.
3:11 of 2nd period - Shot by T.J. Brodie.
3:11 of 2nd period - Shot Blocked by Karl Alzner.
4:41 of 2nd period - Shot by Valeri Nichushkin.
4:41 of 2nd period - Shot Blocked by Josh Manson.
4:44 of 2nd period - Colin White is hit by Josh Manson.
4:50 of 2nd period - Shot by Artturi Lehkonen.
4:50 of 2nd period - Stopped by Cam Talbot without a rebound.
4:51 of 2nd period - Nick Shore wins face-off versus Kyle Turris in Ducks zone.
5:26 of 2nd period - Derek Forbort is hit by Nick Shore and loses puck.
5:50 of 2nd period - Calvin de Haan is hit by Josh Morrissey.
5:52 of 2nd period - Shot by Jack Roslovic.
5:52 of 2nd period - Shot Misses the Net.
5:54 of 2nd period - Shot by Tucker Poolman.
5:54 of 2nd period - Shot Blocked by Ivan Provorov.
5:56 of 2nd period - Shot by Calvin de Haan.
5:56 of 2nd period - Shot Misses the Net.
6:02 of 2nd period - Shot by Brett Connolly.
6:02 of 2nd period - Stopped by Mackenzie Blackwood without a rebound.
6:03 of 2nd period - Brandon Sutter wins face-off versus Patrick Kane in Canadiens zone.
6:27 of 2nd period - Patrick Kane is hit by Calvin de Haan and loses puck.
7:10 of 2nd period - Icing by Ivan Provorov.
7:11 of 2nd period - Colin White wins face-off versus Luke Kunin in Canadiens zone.
7:11 of 2nd period - Colin White is hit by Tyler Ennis.
7:28 of 2nd period - Shot by Artturi Lehkonen.
7:28 of 2nd period - Stopped by Cam Talbot without a rebound.
7:29 of 2nd period - Jack Roslovic wins face-off versus Nick Shore in Ducks zone.
7:34 of 2nd period - Shot by Josh Manson.
7:34 of 2nd period - Shot Misses the Net.
7:53 of 2nd period - Icing by Josh Manson.
7:54 of 2nd period - David Krejci wins face-off versus Craig Smith in Ducks zone.
7:55 of 2nd period - Shot by Jakob Silfverberg.
7:55 of 2nd period - Deflect By Ilya Kovalchuk.
7:55 of 2nd period - Shot Misses the Net.
9:09 of 2nd period - Shot by Patrick Kane.
9:09 of 2nd period - Shot Misses the Net.
9:11 of 2nd period - Shot by Ivan Provorov.
9:11 of 2nd period - Shot Blocked by Josh Manson.
9:30 of 2nd period - Josh Morrissey is hit by Calvin de Haan and loses puck.
9:48 of 2nd period - Minor Penalty to Karl Alzner for Holding.
9:49 of 2nd period - Nick Shore wins face-off versus Anders Lee in Canadiens zone.
11:13 of 2nd period - Shot by Luke Kunin.
11:13 of 2nd period - Shot Misses the Net.
11:23 of 2nd period - Artturi Lehkonen is hit by Tyler Ennis.
12:13 of 2nd period - Luke Kunin is hit by Jakob Silfverberg and loses puck.
12:22 of 2nd period - Shot by Ilya Kovalchuk.
12:22 of 2nd period - Shot Misses the Net.
12:24 of 2nd period - Shot by Jakob Silfverberg.
12:24 of 2nd period - Deflect By David Krejci.
12:24 of 2nd period - Goal by David Krejci - Ducks : 0 - Canadiens : 2.
12:25 of 2nd period - Derek Stepan wins face-off versus Artturi Lehkonen in neutral zone.
12:47 of 2nd period - Derek Stepan is hit by Valeri Nichushkin and loses puck.
12:54 of 2nd period - Shot by Valeri Nichushkin.
12:54 of 2nd period - Shot Misses the Net.
13:32 of 2nd period - Shot by Patrick Kane.
13:32 of 2nd period - Shot Misses the Net.
14:47 of 2nd period - Ilya Kovalchuk is hit by Derek Forbort and loses puck.
15:03 of 2nd period - Icing by Brandon Sutter.
15:04 of 2nd period - Colin White wins face-off versus Brandon Sutter in Ducks zone.
15:38 of 2nd period - Off-side.
15:39 of 2nd period - Kyle Turris wins face-off versus Auston Matthews in neutral zone.
15:56 of 2nd period - Shot by Luke Kunin.
15:56 of 2nd period - Shot Misses the Net.
15:58 of 2nd period - Shot by Luke Kunin.
15:58 of 2nd period - Shot Blocked by Cam Fowler.
16:00 of 2nd period - Shot by Luke Kunin.
16:00 of 2nd period - Shot Misses the Net.
16:02 of 2nd period - Shot by Calvin de Haan.
16:02 of 2nd period - Shot Misses the Net.
16:04 of 2nd period - Shot by Luke Kunin.
16:04 of 2nd period - Shot Blocked by Nate Schmidt.
16:06 of 2nd period - Shot by Luke Kunin.
16:06 of 2nd period - Stopped by Mackenzie Blackwood without a rebound.
16:07 of 2nd period - Nick Shore wins face-off versus Jack Roslovic in Canadiens zone.
17:05 of 2nd period - Tyler Ennis is hit by Nate Schmidt and loses puck.
17:38 of 2nd period - Shot by Derek Stepan.
17:38 of 2nd period - Stopped by Mackenzie Blackwood with a rebound.
17:40 of 2nd period - Shot by Marcus Johansson.
17:40 of 2nd period - Shot Hit the Post.
17:42 of 2nd period - Shot by Derek Forbort.
17:42 of 2nd period - Stopped by Mackenzie Blackwood with a rebound.
17:44 of 2nd period - Shot by Derek Stepan.
17:44 of 2nd period - Stopped by Mackenzie Blackwood without a rebound.
17:45 of 2nd period - Jack Roslovic wins face-off versus David Krejci in Canadiens zone.
18:47 of 2nd period - Icing by Calvin de Haan.
18:48 of 2nd period - Nick Shore wins face-off versus Jack Roslovic in Ducks zone.
19:12 of 2nd period - Shot by Loui Eriksson.
19:12 of 2nd period - Stopped by Cam Talbot without a rebound.
19:13 of 2nd period - Derek Stepan wins face-off versus Patrick Kane in Ducks zone.
19:38 of 2nd period - Ivan Provorov is hit by Josh Manson and loses puck.
Goals for this period are 0 for Ducks vs 1 for Canadiens.
Shots for this period are 7 for Ducks vs 5 for Canadiens.

3rd period


0:01 of 3rd period - David Krejci wins face-off versus Marcus Johansson in neutral zone.
0:07 of 3rd period - Icing by Tucker Poolman.
0:08 of 3rd period - Derek Stepan wins face-off versus David Krejci in Ducks zone.
0:39 of 3rd period - Tomas Nosek is hit by David Krejci and loses puck.
1:04 of 3rd period - Shot by Patrick Kane.
1:04 of 3rd period - Shot Misses the Net.
1:06 of 3rd period - Shot by Teuvo Teravainen.
1:06 of 3rd period - Stopped by Cam Talbot without a rebound.
1:07 of 3rd period - Kyle Turris wins face-off versus Auston Matthews in Ducks zone.
1:12 of 3rd period - Shot by Tyler Ennis.
1:12 of 3rd period - Stopped by Mackenzie Blackwood with a rebound.
1:17 of 3rd period - Teuvo Teravainen is hit by Luke Schenn and loses puck.
1:32 of 3rd period - Shot by Patrick Kane.
1:32 of 3rd period - Shot Misses the Net.
1:40 of 3rd period - Shot by Teuvo Teravainen.
1:40 of 3rd period - Shot Misses the Net.
3:23 of 3rd period - Cam Fowler is hit by Tomas Nosek and loses puck.
4:07 of 3rd period - Icing by Calvin de Haan.
4:08 of 3rd period - Nick Shore wins face-off versus Derek Stepan in Ducks zone.
4:55 of 3rd period - Minor Penalty to Tyler Ennis for Roughing.
4:56 of 3rd period - Auston Matthews wins face-off versus Anders Lee in Ducks zone.
5:09 of 3rd period - Shot by Cam Fowler.
5:09 of 3rd period - Shot Misses the Net.
5:51 of 3rd period - Shot by Jakob Silfverberg.
5:51 of 3rd period - Shot Misses the Net.
5:53 of 3rd period - Shot by Josh Morrissey.
5:53 of 3rd period - Shot Misses the Net.
5:55 of 3rd period - Shot by Jakob Silfverberg.
5:55 of 3rd period - Stopped by Cam Talbot with a rebound.
5:57 of 3rd period - Shot by Ivan Provorov.
5:57 of 3rd period - Shot Misses the Net.
5:59 of 3rd period - Shot by Josh Morrissey.
5:59 of 3rd period - Stopped by Cam Talbot without a rebound.
6:00 of 3rd period - David Krejci wins face-off versus Marcus Johansson in Ducks zone.
6:51 of 3rd period - Shot by Patrick Kane.
6:51 of 3rd period - Shot Blocked by Derek Forbort.
6:53 of 3rd period - Shot by Cam Fowler.
6:53 of 3rd period - Stopped by Cam Talbot without a rebound.
6:54 of 3rd period - Tomas Nosek wins face-off versus Auston Matthews in Ducks zone.
6:54 of 3rd period - Tomas Nosek is hit by Patrick Kane.
7:19 of 3rd period - Tyler Ennis is hit by Danny DeKeyser and loses puck.
8:09 of 3rd period - Shot by Patrick Kane.
8:09 of 3rd period - Shot Blocked by Luke Schenn.
8:32 of 3rd period - Icing by Cam Fowler.
8:33 of 3rd period - Auston Matthews wins face-off versus Derek Stepan in Canadiens zone.
8:33 of 3rd period - Auston Matthews is hit by Tomas Nosek.
8:46 of 3rd period - Icing by Nate Schmidt.
8:47 of 3rd period - Auston Matthews wins face-off versus Brandon Sutter in Canadiens zone.
8:49 of 3rd period - Icing by Patrick Kane.
8:50 of 3rd period - Auston Matthews wins face-off versus Derek Stepan in Canadiens zone.
9:05 of 3rd period - Marcus Johansson is hit by Auston Matthews and loses puck.
9:47 of 3rd period - Icing by Derek Stepan.
9:48 of 3rd period - Colin White wins face-off versus Derek Stepan in Ducks zone.
10:21 of 3rd period - Shot by Jacob de La Rose.
10:21 of 3rd period - Shot Misses the Net.
10:56 of 3rd period - Off-side.
10:57 of 3rd period - Kyle Turris wins face-off versus David Krejci in neutral zone.
11:13 of 3rd period - Shot by Tyler Ennis.
11:13 of 3rd period - Stopped by Mackenzie Blackwood without a rebound.
11:14 of 3rd period - Auston Matthews wins face-off versus Jack Roslovic in Canadiens zone.
11:40 of 3rd period - Brett Connolly is hit by Josh Morrissey and loses puck.
11:56 of 3rd period - Josh Morrissey is hit by Calvin de Haan and loses puck.
11:57 of 3rd period - Minor Penalty to Calvin de Haan for Cross-checking.
11:58 of 3rd period - David Krejci wins face-off versus Tomas Nosek in Ducks zone.
12:05 of 3rd period - Shot by Ilya Kovalchuk.
12:05 of 3rd period - Stopped by Cam Talbot with a rebound.
12:26 of 3rd period - Icing by Cam Fowler.
12:27 of 3rd period - David Krejci wins face-off versus Anders Lee in Canadiens zone.
12:49 of 3rd period - Jakob Silfverberg is hit by Josh Manson and loses puck.
13:25 of 3rd period - Shot by Anders Lee.
13:25 of 3rd period - Deflect By Tomas Nosek.
13:25 of 3rd period - Stopped by Mackenzie Blackwood without a rebound.
13:26 of 3rd period - Auston Matthews wins face-off versus Tomas Nosek in Canadiens zone.
14:07 of 3rd period - Shot by Tyler Ennis.
14:07 of 3rd period - Stopped by Mackenzie Blackwood without a rebound.
14:08 of 3rd period - Brandon Sutter wins face-off versus Nick Shore in Canadiens zone.
14:28 of 3rd period - Shot by Danny DeKeyser.
14:28 of 3rd period - Shot Misses the Net.
14:30 of 3rd period - Shot by Karl Alzner.
14:30 of 3rd period - Stopped by Cam Talbot without a rebound.
14:31 of 3rd period - Auston Matthews wins face-off versus Kyle Turris in Ducks zone.
14:38 of 3rd period - Shot by Patrick Kane.
14:38 of 3rd period - Shot Misses the Net.
15:40 of 3rd period - Shot by Artturi Lehkonen.
15:40 of 3rd period - Deflect By Valeri Nichushkin.
15:40 of 3rd period - Stopped by Cam Talbot without a rebound.
15:41 of 3rd period - Brandon Sutter wins face-off versus David Krejci in Ducks zone.
16:01 of 3rd period - Anders Lee is hit by Karl Alzner and loses puck.
16:18 of 3rd period - Karl Alzner is hit by Anders Lee and loses puck.
16:37 of 3rd period - Shot by Marcus Johansson.
16:37 of 3rd period - Stopped by Mackenzie Blackwood without a rebound.
16:38 of 3rd period - Auston Matthews wins face-off versus Brett Connolly in Canadiens zone.
16:38 of 3rd period - Auston Matthews is hit by Craig Smith.
16:43 of 3rd period - Off-side.
16:44 of 3rd period - Auston Matthews wins face-off versus Derek Stepan in neutral zone.
16:59 of 3rd period - Shot by Auston Matthews.
16:59 of 3rd period - Stopped by Cam Talbot without a rebound.
17:00 of 3rd period - Kyle Turris wins face-off versus Colin White in Ducks zone.
17:04 of 3rd period - Off-side.
17:05 of 3rd period - Derek Stepan wins face-off versus Auston Matthews in neutral zone.
17:10 of 3rd period - Shot by Marcus Johansson.
17:10 of 3rd period - Stopped by Mackenzie Blackwood without a rebound.
17:11 of 3rd period - David Krejci wins face-off versus Derek Stepan in Canadiens zone.
17:24 of 3rd period - Shot by Derek Stepan.
17:24 of 3rd period - Stopped by Mackenzie Blackwood without a rebound.
17:25 of 3rd period - Brandon Sutter wins face-off versus Patrick Kane in Canadiens zone.
17:40 of 3rd period - Shot by Patrick Kane.
17:40 of 3rd period - Shot Blocked by T.J. Brodie.
17:42 of 3rd period - Shot by Ivan Provorov.
17:42 of 3rd period - Shot Misses the Net.
17:44 of 3rd period - Shot by Josh Morrissey.
17:44 of 3rd period - Stopped by Cam Talbot without a rebound.
17:45 of 3rd period - David Krejci wins face-off versus Tomas Nosek in Ducks zone.
18:05 of 3rd period - Icing by Tucker Poolman.
18:06 of 3rd period - Derek Stepan wins face-off versus Auston Matthews in Ducks zone.
18:57 of 3rd period - Icing by Calvin de Haan.
18:58 of 3rd period - David Krejci wins face-off versus Derek Stepan in Ducks zone.
19:01 of 3rd period - Shot by Jakob Silfverberg.
19:01 of 3rd period - Deflect By David Krejci.
19:01 of 3rd period - Shot Blocked by Calvin de Haan.
19:03 of 3rd period - Shot by Ilya Kovalchuk.
19:03 of 3rd period - Stopped by Cam Talbot without a rebound.
19:04 of 3rd period - Brandon Sutter wins face-off versus David Krejci in Ducks zone.
19:12 of 3rd period - Icing by Nate Schmidt.
19:13 of 3rd period - David Krejci wins face-off versus Tyler Ennis in Canadiens zone.
19:13 of 3rd period - Ilya Kovalchuk is hit by Tyler Ennis and loses puck.
Goals for this period are 0 for Ducks vs 0 for Canadiens.
Shots for this period are 7 for Ducks vs 10 for Canadiens.